← All builds
Geo sea / Armada / Economy first / OBSERVED BUILD

Standard geo sea

Armada Geo sea build order · Supreme Isthmus

Standard Geo sea play: bot lab then shipyard in the cove, an early submarine and destroyer to contest the sea, geothermal around 7:40 to fund the later fleet transition.

Usually shipyard in the cove (87%)

#naval #eco · 740 distinct matches · 101 players · 80% of Armada Geo sea games · team won 54% of 790 · Recently observed

HOW TO PLAY IT

Key timing: Shipyard by 3:13

  1. Open 3 mex and wind into Bot Lab.
  2. Put up Shipyard with naval turret and BP for defense.
  3. Send out "submarine" then "destroyer" to contest the sea.
  4. Bring geothermal online to fund the fleet.
  5. Add Advanced Metal Extractor as the economy transitions.

Phase by phase

TYPICAL OF ITS 740 GAMES
  1. 1
  2. 2
  3. 3
  4. 4
PLAY THE OPENING

Follow the example game's first 6:00 step by step: what to build now, what comes next, and where it goes. At 1× it keeps pace with your own game.

  1. 1

    Up to the Bot Lab

    Economy
    • Metal Extractor3Mex
    • Wind Turbine3Wind
    Order
    1. Bot LabBot Lab after 3 mex, 3 winddone ~1:12, middle half 1:06–1:18

    Some games also: wind for allies (44%)

    By 0:55 in all: 3 mex · 3 wind

    The example game in this phase · 4 steps
    1. Mex ×3
    2. Wind ×2for Air
    3. Wind ×2
    4. Bot LabBot Labdone 1:11 · typical 1:12
  2. 2

    Bot Lab to Shipyard

    Economy
    • Metal Extractor1Mex
    • Wind Turbine1Wind
    Order
    1. ShipyardShipyard after 4 mex, 4 winddone ~3:11, middle half 2:50–3:36
    Builders
    • Construction Bot3 Con bot
    • Lazarus2 Lazarus

    Some games also: pawn (43%) · con turret (37%) · crossbow (35%)

    By 2:47 in all: 4 mex · 4 wind

    The example game in this phase · 21 steps
    1. Construction BotCon bot
    2. Wind
    3. CrossbowCrossbow
    4. Wind ×3
    5. CrossbowCrossbow
    6. Wind
    7. Mex
    8. Wind
    9. LazarusLazarus
    10. Construction BotCon bot ×3
    11. Energy storage
    12. Mex
    13. LazarusLazarus
    14. PawnPawn
    15. Mex
    16. Con turret
    17. Mex ×2
    18. Radar TowerRadar Tower
    19. AnemoneAnemone
    20. Radar TowerRadar Tower
    21. ShipyardShipyarddone 4:42 · typical 3:11
  3. 3

    Shipyard to 5:00

    Economy
    • Metal Extractor4Mex
    • Wind Turbine1Wind
    Builders
    • Construction Ship1 Con ship
    Army
    • Dolphin3 Dolphin
    • Skater1 Skater
    • Corsair1 Destroyer
    Other
    • Radar Tower1 Radar Tower

    Some games also: submarine (44%) · Sentry (44%) · converter (32%) · pawn (32%) · con turret (32%)

    By 5:00 in all: 8 mex · 7 wind · 1 energy storage · 1 con turret

    The example game in this phase · 5 steps
    1. SentrySentry
    2. Converter
    3. DolphinDolphin
    4. HarpoonHarpoon
    5. Converter
  4. 4

    5:00 to 10:00

    Economy
    • Metal Extractor2Mex
    • Wind Turbine12Wind
    • Energy Converter2Converter
    Builders
    • Construction Turret1 Con turret
    • Construction Ship1 Con ship
    • Grim Reaper1 Grim Reaper
    Army
    • Sentry1 Sentry
    • Dolphin5 Dolphin
    • Corsair2 Destroyer
    • Skater2 Skater

    Some games also: Radar Tower (48%) · geo (40%) · frigate (40%) · Harpoon (39%) · Naval Construction Turret (34%)

    By 10:00 in all: 11 mex · 19 wind · 1 geo · 4 converter · 1 energy storage · 2 con turret

    The example game in this phase · 113 steps
    1. DolphinDolphin
    2. HarpoonHarpoon
    3. SentrySentry
    4. Wind
    5. Radar TowerRadar Tower
    6. Wind
    7. DolphinDolphin
    8. Wind
    9. Geothermal PowerplantGeodone 6:56 · typical 7:46
    10. Construction ShipCon ship
    11. Wind ×2
    12. DolphinDolphin
    13. Wind
    14. DolphinDolphin
    15. SentrySentry
    16. Grim ReaperGrim Reaper
    17. Construction ShipCon ship
    18. Wind
    19. Construction ShipCon ship
    20. Wind
    21. EelSubmarinenot finished by 15:00 · typical 4:21
    22. CorsairDestroyerdone 6:21 · typical 5:35
    23. Wind ×3
    24. SentrySentry
    25. CorsairDestroyer
    26. Advanced Metal ExtractorT2 mexdone 7:36 · typical 9:17
    27. CorsairDestroyer ×2
    28. Wind
    29. CorsairDestroyer ×2
    30. Converter
    31. Wind
    32. CorsairDestroyer
    33. Wind ×2
    34. CorsairDestroyer ×3
    35. Converter
    36. CorsairDestroyer ×2
    37. Wind
    38. CorsairDestroyer ×7
    39. Wind
    40. Converter
    41. Advanced Metal ExtractorT2 mex
    42. Wind
    43. Converter
    44. Con turret
    45. Wind
    46. Converter
    47. Con turret
    48. Advanced Metal ExtractorT2 mex
    49. Converter
    50. Wind ×3
    51. Con turret
    52. Wind
    53. Advanced Metal ExtractorT2 mex
    54. SentrySentry
    55. Con turret
    56. Wind
    57. NettleNettle
    58. ShipyardShipyarddone 9:46
    59. Wind
    60. Advanced Metal ExtractorT2 mex
    61. DolphinDolphin ×3
    62. Wind
    63. DolphinDolphin ×4
    64. Con turret
    65. Wind
    66. DolphinDolphin ×3
    67. Advanced Metal ExtractorT2 mex
    68. DolphinDolphin
    69. Wind
    70. DolphinDolphin
    71. AnemoneAnemone
    72. DolphinDolphin
    73. AnemoneAnemone
    74. DolphinDolphin
    75. Wind
    76. AnemoneAnemone
    77. DolphinDolphin ×3
    78. CorsairDestroyer
    79. Wind
    80. CorsairDestroyer ×2
    81. Wind
    82. CorsairDestroyer ×3
    83. Wind
    84. CorsairDestroyer ×3
    85. Advanced Geothermal PowerplantAdvanced Geothermal Powerplantdone 14:07
    86. Wind
    87. CorsairDestroyer
    88. SkaterSkater
    89. Construction ShipCon ship
    90. SkaterSkater
    91. Wind
    92. SkaterSkater
    93. CorsairDestroyer
    94. Construction ShipCon ship
    95. Wind
    96. CorsairDestroyer
    97. Construction ShipCon ship
    98. CorsairDestroyer ×2
    99. Wind
    100. Mex
    101. CorsairDestroyer ×2
    102. Wind
    103. Mex
    104. ChainsawChainsaw
    105. CorsairDestroyer
    106. Wind
    107. CorsairDestroyer
    108. SkaterSkater
    109. CorsairDestroyer ×2
    110. Wind
    111. Mex
    112. CorsairDestroyer ×2
    113. Wind

Counts are medians over the build's games: half of them build more, half fewer. The example game is Rexalidus's (37 OS, 01/10/2026); pick another.

Team trades

IN AT LEAST 30% OF ITS GAMES

You hand over

  • Wind Turbine2 Wind to Airfirst at 1:41 · in 62% of games

You get

  • Finch1 Finch from Airfirst at 1:51 · in 74% of games
  • Hercules1 Light transport from Airfirst at 2:05 · in 63% of games
  • Advanced Construction Bot1 T2 con bot from Techfirst at 7:41 · in 89% of games

How it plays out

Typical game of this build, running totals by minute

Metal produced

010k20k30k
0:005:0010:0015:00

metal

Enemy metal destroyed

05k10k
0:005:0010:0015:00

metal

Own metal lost

02.5k5k7.5k
0:005:0010:0015:00

metal

790 games.

Show as table
ByMetal produced: This buildEnemy metal destroyed: This buildOwn metal lost: This build
1:0039500
2:0092800
3:00160200
4:002921051
5:00414517874
6:005554545312
7:0071121005650
8:00877917781052
9:001068425531692
10:001296035132275
11:001568547053186
12:001866757873969
13:002186169034813
14:002557480275681
15:002902591296705
WHAT THE NUMBERS SAY

Standard Armada geo sea nearly matches Cortex's economy numbers but wins slightly more often at 53%.

  • + Metal produced reaches 28785 by 15:00, the highest of the sea builds
  • + Own metal lost of 6895 stays well under enemy metal destroyed's 9048
  • − Geothermal only lands in 58% of games by 7:34
  • − T2 factory completes in only 40% of games by 12:43
THE EXAMPLE YOU ARE READING

Rexalidus

36.5 OS · 01/10/2026

Open source match ↗

8 received units · includes a constructor
497 metal received · 49434 energy received

Allied construction assistance is unknown. Timings are observations, not a promise of solo reproducibility.

Typical milestones

Bot Lab1:12Middle 50%: 1:06–1:18 · n=758
Shipyard3:11Middle 50%: 2:50–3:36 · n=779
Eel4:21Middle 50%: 3:41–5:34 · n=472
Corsair5:35Middle 50%: 4:50–6:34 · n=729
Geothermal Powerplant7:46Middle 50%: 6:48–9:15 · n=481
Advanced Metal Extractor9:17Middle 50%: 8:37–10:06 · n=688

Played most by

Optimusprimenutt52games of this build_X_49games of this buildKingBenjai49games of this buildhaaven43games of this buildHummell34games of this build